 Dungeon Crawl Stone Soup version 0.30-a0-949-g53dc5368d7 (webtiles) character file.

Game seed: 16683384565453802795

46 mopl the Slasher (level 3, -1/21 HPs)
             Began as a Tengu Warper on Mar 27, 2023.
             Was a High Priest of Ignis.
             Frozen to death by an endoplasm (5 damage)
             ... on level 2 of the Dungeon.
             The game lasted 00:01:01 (900 turns).

mopl the Slasher (Tengu Warper)                      Turns: 900, Time: 00:01:01

Health: -1/21      AC:  4    Str: 13    XL:     3   Next: 66%
Magic:  7/7        EV: 12    Int: 13    God:    Ignis [*****.]
Gold:   9          SH:  0    Dex: 13    Spells: 6/6 levels left

rFire   + . .      SeeInvis .    a - +0 falchion
rCold   . . .      Faith    .    (no shield)
rNeg    . . .      Spirit   .    b - +0 leather armour
rPois   .          Reflect  .    (helmet restricted)
rElec   .          Rampage  .    h - +0 cloak
rCorr   .                        (no gloves)
Will    .....                    (boots unavailable)
Stlth   +                        (no amulet)
HPRegen 0.23/turn                (no ring)
MPRegen 0.10/turn                (no ring)

@: no status effects
A: beak, talons 3
a: Renounce Religion, Fiery Armour, Foxfire Swarm, Rising Flame


You were on level 2 of the Dungeon.
You worshipped Ignis.
Ignis was extremely pleased with you.
You visited 1 branch of the dungeon, and saw 2 of its levels.

You collected 9 gold pieces.

Inventory:

Hand Weapons
 a - a +0 falchion (weapon)
Missiles
 d - 7 boomerangs of dispersal (quivered)
Armour
 b - a +0 leather armour (worn)
 h - a +0 cloak (worn)
Jewellery
 n - a ring of ice
Scrolls
 c - 2 scrolls of blinking
 f - 2 scrolls of fear {unknown}
 l - a scroll of enchant weapon {unknown}
 o - a scroll of identify {unknown}
 p - a scroll of teleportation {unknown}
Potions
 e - 2 potions of curing {unknown}
 g - a potion of mutation {unknown}
 i - a potion of brilliance {unknown}
 j - a potion of heal wounds {unknown}
 k - a potion of degeneration {unknown}
 m - a potion of cancellation {unknown}


   Skills:
 - Level 2.0 Fighting
 * Level 3.7 Long Blades
 - Level 1.0 Throwing
 - Level 1.1 Armour
 - Level 2.1 Dodging
 - Level 2.0 Spellcasting
 + Level 2.9 Translocations


You had 6 spell levels left.
You didn't know any spells.
Your spell library contained the following spells:

 Spells                   Type           Power      Damage    Failure   Level
 Blink                    Tloc           16%        N/A       14%         2
 Lesser Beckoning         Tloc           16%        N/A       14%         2
 Teleport Other           Tloc           8%         N/A       28%         3
 Vhi's Electric Charge    Tloc/Air       10%        N/A       47%         3
 Manifold Assault         Tloc           8%         N/A       67%         4


Dungeon Overview and Level Annotations

Branches:
Dungeon (2/15)

Altars:
Ignis


Innate Abilities, Weirdness & Mutations

You have a beak for a mouth.
You have claws for feet.


Message History

A kobold comes into view. It is wielding a +0 club.
The kobold shouts!
You hear an angry hiss.
An adder and a hobgoblin come into view.
The adder hisses angrily.
The hobgoblin shouts!
An endoplasm comes into view.
The worm barely misses you.
You barely miss the worm. The kobold hits you but does no damage.
The worm barely misses you. The kobold hits you with a +0 club.
The endoplasm quivers.
You hit the worm. You claw the worm.
The worm is moderately wounded.
The kobold hits you but does no damage. The worm barely misses you.
You slash the worm! You claw the worm.
The worm is severely wounded.
The kobold hits you with a +0 club.
You hit the worm.
The worm is almost dead.
The worm bites you. The kobold hits you but does no damage.
You hit the worm.
You kill the worm!
The hobgoblin closely misses you. The kobold misses you. The adder bites you.
You are poisoned.
The adder poisons you!
You slash the adder! Your kick misses the adder. Your peck misses the adder.
The adder is severely wounded.
You feel sick. The hobgoblin barely misses you.
The kobold hits you with a +0 club. The adder bites you but does no damage.
There are monsters nearby!
Unknown command.
You closely miss the adder. You claw the adder.
You kill the adder!
You feel sick. The hobgoblin closely misses you.
The kobold hits you with a +0 club.
* * * LOW HITPOINT WARNING * * *
You hit the endoplasm but do no damage.
You feel sick.
You are no longer poisoned.
The endoplasm freezes you.
You are frozen.
You die...

###### #....# #.##.#####
#........#######
...#.###'#.....#
...#.#..<..#...# ..
#).#.#.....#...# ..
##.#.##...##...########.
..
.....##.........@K......
....###...#.....gJ......
### .....
....+............. ...
..+#####..#.............
# ..# #..#.............
# ..# #............. ..#
#######....... (##
....... .#


You could see an endoplasm, a hobgoblin and a kobold.

Vanquished Creatures
  An adder (D:2)
  2 worms (D:2)
  A dart slug (D:1)
  2 ball pythons (D:1)
  3 bats (D:1)
  3 endoplasms (D:1)
  2 giant cockroaches (D:1)
  2 hobgoblins (D:2)
  3 kobolds (D:2)
  A quokka (D:1)
  2 frilled lizards
  2 goblins (D:1)
  4 rats
28 creatures vanquished.

Notes
Turn   | Place    | Note
-------+----------+-------------------------------------------
     0 | D:1      | mopl the Tengu Warper began the quest for the Orb.
     0 | D:1      | Reached XP level 1. HP: 12/12 MP: 4/4
   109 | D:1      | Reached XP level 2. HP: 17/17 MP: 6/6
   235 | D:1      | Reached skill level 3 in Long Blades
   702 | D:2      | Found a faded altar of an unknown god.
   710 | D:2      | Prayed at the altar of an unknown god.
   710 | D:2      | Became a worshipper of Ignis, the Dying Flame
   768 | D:2      | Reached XP level 3. HP: 21/21 MP: 7/7
   900 | D:2      | Frozen to death by an endoplasm

Illustrated notes

Levels and vault maps discovered:
D:1:      amcnicky_arrival_single_pillar, layout_loops_ring
D:2:      layout_basic, ebering_ecumenical_altar_mist,
          chequers_serial_rivers_room_a

Skill      XL: |  1  2 |
---------------+-------+-----
Long Blades    | 3 |  3.7
Fighting       | |  2.0
Throwing       | |  1.0
Armour         | |  1.1
Dodging        | |  2.1
Spellcasting   | |  2.0
Translocations | |  2.9

Action                     || total
---------------------------++-------
  Melee: Falchion          ||    55
         Kick              ||    13
         Peck              ||     9
   Stab: Sleeping          ||     1
 Armour: Leather armour    ||    15
  Dodge: Dodged            ||    32

Table legend: (Time is in decaauts)
 A = Elapsed time spent in this place.
 B = Non-inter-level travel time spent in this place.
 C = Inter-level travel time spent in this place.
 D = Time resting spent in this place.
 E = Time spent auto-exploring this place.
 F = Levels seen in this place.
 G = Mean time per level.
                   A        B        C        D        E       F      G
               +--------+--------+--------+--------+--------+-----+--------+
         Total |    907 |    831 |     76 |      0 |    650 |   2 |  453.5 |
       Dungeon |    907 |    831 |     76 |      0 |    650 |   2 |  453.5 |
               +--------+--------+--------+--------+--------+-----+--------+

Top non-repeatable levels by time:
     D:1: 601 daAuts
     D:2: 306 daAuts
